 Dungeon Crawl Stone Soup version 0.27-a0-323-gbd089401bb (webtiles) character file.

Game seed: 17459478024018878896

1159 inqbanana the Chopper (level 8, 0/111 (112) HPs)
             Began as a Naga Berserker on Feb 11, 2021.
             Was a Believer of Trog.
             Slain by a wight
             ... wielding a +3 halberd
              (6 damage)
             ... on level 6 of the Dungeon.
             The game lasted 00:08:53 (5886 turns).

inqbanana the Chopper (Naga Berserker)              Turns: 5886, Time: 00:08:53

HP:   0/111 (112)   AC: 10    Str: 19    XL:     8   Next: 39%
MP:   8/8           EV:  6    Int:  8    God:    Trog [**....]
Gold: 125           SH:  0    Dex: 13    Spells: 7/7 levels left

rFire    . . .     SeeInvis +   o - +0 broad axe
rCold    + . .     Faith    .   (no shield)
rNeg     . . .     Spirit   .   j - +0 chain mail {rC+}
rPois    +         Reflect  .   f - +0 helmet
rElec    .         Harm     .   (no cloak)
rCorr    .         Rampage  .   (no gloves)
Will     +....     Rnd*Rage +   (no barding)
Stlth    ..........             (no amulet)
HPRegen  0.28/turn              (no ring)
MPRegen  0.11/turn              (no ring)

@: berserking (expiring), lightly drained, quick
A: large, rugged brown scales 1, see invisible, berserk 1, deformed body, poison
resistance, slowness 2, spit poison 2, AC +2
a: Breathe Poison Gas, Breathe Poison Gas, Renounce Religion, Berserk, Trog's
Hand


You were on level 6 of the Dungeon.
You worshipped Trog.
Trog was pleased with you.
You visited 1 branch of the dungeon, and saw 6 of its levels.

You collected 301 gold pieces.
You spent 176 gold pieces at shops.

Inventory:

Hand Weapons
 o - a +0 broad axe (weapon)
Missiles
 d - 8 boomerangs
 g - 7 javelins
Armour
 f - a +0 helmet (worn)
 j - a +0 chain mail of cold resistance (worn)
Magical Staves
 i - a staff of poison {unknown}
Jewellery
 h - a ring of see invisible
 k - an amulet of guardian spirit
Wands
 b - a wand of charming (9)
Scrolls
 e - 3 scrolls of teleportation
 n - a scroll of identify
 p - a scroll of amnesia {unknown}
Potions
 a - a potion of flight
 c - a potion of ambrosia
 l - 2 potions of curing
 m - a potion of might


   Skills:
 + Level 4.8 Fighting
 * Level 6.4 Axes
 + Level 3.5 Armour
 + Level 3.6 Dodging
 + Level 5.8 Stealth


You had 7 spell levels left.
You didn't know any spells.
Your spell library contained the following spells:

 Spells                   Type           Power        Failure   Level
 Animate Skeleton         Necr           0%           99%         1


Dungeon Overview and Level Annotations

Branches:
Dungeon (6/15)             Temple (0/1) D:6

Altars:
Gozag
Kikubaaqudgha
Sif Muna
Vehumet
Zin
The Shining One

Shops:
D:4 *!

Annotations:
D:5 1 runed translucent door


Innate Abilities, Weirdness & Mutations

You cannot wear boots.
Your serpentine skin is tough. (AC +2)
You have supernaturally acute eyesight. (SInv)
Armour fits poorly on your strangely shaped body.
Your system is resistant to poisons. (rPois)
You cover ground very slowly.
You can exhale a cloud of poison.
You are partially covered in rugged brown scales. (AC +1, +3% HP)
You tend to lose your temper in combat.


Message History

Trog accepts your kill.
You slash the orc warrior! The orc hits you but does no damage.
The orc warrior hits you with a +0 scimitar!
* * * LOW HITPOINT WARNING * * *
You closely miss the orc.
You hit the orc warrior but do no damage.
The orc barely misses you. The orc hits you but does no damage.
The orc warrior hits you but does no damage.
Okay, then.
You barely miss the orc. You hit the orc warrior.
The orc hits you but does no damage. The wight hits you but does no damage.
An orc comes into view.
The orc hits you from afar with a +0 trident.
* * * LOW HITPOINT WARNING * * *
You closely miss the orc.
The orc shouts!
You hit the orc warrior. The orc warrior barely misses you.
The orc hits you but does no damage.
The wight hits you from afar with a +3 halberd!
* * * LOW HITPOINT WARNING * * *
The orc hits you but does no damage.
You hit the orc warrior.
The orc warrior is almost dead.
You barely miss the orc.
The orc warrior hits you with a +0 scimitar.
* * * LOW HITPOINT WARNING * * *
The orc hits you with a +0 hand axe.
* * * LOW HITPOINT WARNING * * *
You are too berserk!
You are too injured to fight recklessly!
You are too berserk!
You slash the orc warrior!
You kill the orc warrior!
Trog accepts your kill.
You slash the orc!
You kill the orc!
Trog accepts your kill. The orc hits you but does no damage.
The wight hits you from afar with a +3 halberd.
You die...

### #.....#<#
.... #.#.#...# #
.....#.#.#####.##
...........)....#
.....##..########
... #...##.#####
# #..#..#......
#...#....######
#..#.#.#@.......
#....###z.).#####
#..#.. #.oz#..#
... #...zo#....#
#.>.### #..#
#.... .## #...#.
. ...### #


You could see 3 wights and 2 orcs.

Vanquished Creatures
  The ghost of garrulousMonolith the Chopper, an amateur HOFi (D:3)
  2 ice beasts (D:5)
  An orc warrior (D:6)
  3 ogres
  A phantom (D:5)
  A scorpion (D:4)
  A wight (D:6)
  A howler monkey (D:5)
  A crimson imp (D:5)
  A bullfrog zombie (D:5)
  An orc priest (D:6)
  A bullfrog skeleton (D:4)
  An iguana (D:5)
  2 worker ants (D:4)
  A hound zombie (D:5)
  4 adders
  A shadow imp (D:5)
  2 white imps
  An ooze (D:2)
  An adder zombie (D:5)
  4 worms
  A dart slug (D:1)
  5 leopard geckos
  13 orcs
  2 ball pythons (D:3)
  4 giant cockroaches
  4 goblins
  5 hobgoblins
  4 jackals (D:1)
  2 quokkas
  2 bats
  3 frilled lizards
  2 goblin skeletons (D:5)
  2 goblin zombies (D:5)
  2 hobgoblin zombies (D:5)
  2 jackal skeletons
  9 kobolds
  A kobold zombie (D:5)
  A leopard gecko skeleton (D:3)
  An orc zombie (D:5)
  2 quokka skeletons (D:5)
  5 rats
104 creatures vanquished.

Notes
Turn   | Place    | Note
-------+----------+-------------------------------------------
     0 | D:1      | inqbanana the Naga Berserker began the quest for the Orb.
     0 | D:1      | Reached XP level 1. HP: 21/21 MP: 1/1
   321 | D:1      | Reached XP level 2. HP: 10/28 MP: 2/2
   648 | D:1      | Reached skill level 1 in Stealth
  1034 | D:2      | Reached XP level 3. HP: 12/34 MP: 3/3
  1395 | D:2      | Found a faded altar of an unknown god.
  2103 | D:3      | Found an opulent altar of Gozag.
  2114 | D:3      | Reached XP level 4. HP: 36/42 MP: 4/4
  2351 | D:3      | HP: 2/42 [orc/+0 hand axe (2)]
  2358 | D:3      | Reached ** piety under Trog
  2819 | D:3      | Found a runed translucent gate.
  2819 | D:3      | Found a runed translucent gate.
  2819 | D:3      | Found a runed translucent gate.
  2828 | D:3      | Noticed garrulousMonolith's ghost (amateur HOFi)
  2846 | D:3      | Killed garrulousMonolith's ghost
  2847 | D:3      | Reached skill level 4 in Axes
  2847 | D:3      | Reached XP level 5. HP: 9/50 MP: 5/5
  2847 | D:3      | Reached XP level 6. HP: 11/57 MP: 6/6
  3664 | D:4      | Found Ipuxuwk's Distillery.
  3707 | D:4      | Bought a potion of degeneration for 11 gold pieces
  3707 | D:4      | Bought a potion of mutation for 88 gold pieces
  3707 | D:4      | Bought a potion of attraction for 33 gold pieces
  3707 | D:4      | Gained mutation: You are partially covered in rugged brown
                  | scales. (AC +1, +3% HP) [potion of mutation]
  3707 | D:4      | Gained mutation: You tend to lose your temper in combat.
                  | [potion of mutation]
  3707 | D:4      | Gained mutation: You can exhale a cloud of poison. [potion
                  | of mutation]
  4053 | D:4      | Reached skill level 5 in Axes
  4053 | D:4      | Reached XP level 7. HP: 65/65 MP: 7/7
  4088 | D:4      | Found Ussox's Assorted Antiques.
  4091 | D:4      | Bought a golden potion for 22 gold pieces
  4091 | D:4      | Bought a smoky emerald potion for 22 gold pieces
  4595 | D:5      | Entered Level 5 of the Dungeon
  4697 | D:5      | Found a glowing golden altar of the Shining One.
  4748 | D:5      | Reached skill level 5 in Stealth
  5159 | D:5      | Reached skill level 6 in Axes
  5159 | D:5      | Reached XP level 8. HP: 75/75 MP: 8/8
  5280 | D:5      | Found a glowing silver altar of Zin.
  5280 | D:5      | Found a runed translucent door.
  5280 | D:5      | Noticed an angel
  5348 | D:5      | Found an ancient bone altar of Kikubaaqudgha.
  5690 | D:5      | Found a radiant altar of Vehumet.
  5695 | D:5      | Found a shimmering blue altar of Sif Muna.
  5755 | D:5      | Identified Kikubaaqudgha's Papyrus of Stolen Souls
  5875 | D:6      | Found a staircase to the Ecumenical Temple.
  5886 | D:6      | Slain by a wight

Illustrated notes

Levels and vault maps discovered:
D:1:      dpeg_arrival_line_fractal, layout_basic
D:2:      layout_loops_ring, chequers_ecumenical_altar_simple
D:3:      layout_basic, nicolae_gozag_seed_capital, ebering_ghost_rock_garden,
          minmay_box_of_dots
D:4:      layout_rooms, serial_shops, nicolae_shop_waterfront,
          kennysheep_mini_moat, serial_bayou_lagoon_a
D:5:      layout_loops_ring, grunt_temple_overflow_magic_moments,
          nicolae_tso_besieged_by_evil, serial_bayou_pond_d, lemuel_angel_altar
D:6:      layout_basic, minmay_temple_entry_arrows, corexii_shack

Skill      XL: |  1  2  3  4  5  6  7 |
---------------+----------------------+-----
Stealth        | 1 3 4 5 |  5.8
Dodging        | 2 3 |  3.6
Armour         | 2 3 |  3.5
Axes           | 4 5 6 |  6.4
Fighting       | 4 |  4.8

Action                   |  1- 3 |  4- 6 |  7- 9 || total
-------------------------+-------+-------+-------++-------
Melee: Hand axe          |   106 |   130 |   166 ||   402
       Broad axe         |       |       |    39 ||    39
Invok: Berserk           |       |     2 |     2 ||     4
 Abil: Spit Poison       |     4 |     1 |       ||     5
       Breathe Poison Ga |       |     1 |     3 ||     4
  Use: Potion            |     4 |     2 |     2 ||     8
       Scroll            |     2 |     1 |     3 ||     6
Armor: Animal skin       |    11 |       |       ||    11
       Chain mail        |    30 |    53 |   116 ||   199
Dodge: Dodged            |    46 |    50 |    56 ||   152

Table legend: (Time is in decaauts)
 A = Elapsed time spent in this place.
 B = Non-inter-level travel time spent in this place.
 C = Inter-level travel time spent in this place.
 D = Time resting spent in this place.
 E = Time spent auto-exploring this place.
 F = Levels seen in this place.
 G = Mean time per level.
                   A        B        C        D        E       F      G
               +--------+--------+--------+--------+--------+-----+--------+
         Total |   7261 |   7057 |    204 |   1150 |   4679 |   6 | 1210.2 |
       Dungeon |   7261 |   7057 |    204 |   1150 |   4679 |   6 | 1210.2 |
               +--------+--------+--------+--------+--------+-----+--------+

Top non-repeatable levels by time:
     D:3: 2080 daAuts
     D:5: 1527 daAuts
     D:1: 1197 daAuts
     D:2: 1196 daAuts
     D:4: 1158 daAuts
     D:6: 100 daAuts
